BOTTOM OF THE 1ST |
Gibtown Elephants batting - Pitching for Bompton Baby Lakers : LHP Tae-ho Ch'oe
|
Pitching: LHP Tae-ho Ch'oe
|
|
Batting: RHB Francis Raffone
|
0-0: Ball 1-0: DOUBLE (Line Drive, 78XD)
|
Batting: RHB Luis Romero
|
0-0: Ball Francis Raffone is caught stealing 3rd base 1-0: Called Strike 1-1: Called Strike 1-2: Foul Ball, location: 2F 1-2: Foul Ball, location: 2F 1-2: Ball 2-2: TRIPLE (Flyball, 9LD)
|
Batting: RHB Don Parker
|
0-0: Called Strike 0-1: Ball 1-1: Called Strike 1-2: Ball 2-2: Strikes out swinging
|
Batting: RHB Carsello Scruggins
|
0-0: Foul Ball, location: 2F 0-1: Ball 1-1: Called Strike 1-2: Strikes out swinging
|
Bottom of the 1st over - 0 runs, 2 hits, 0 errors, 1 left on base; Bompton 1 - Gibtown 0 |
TOP OF THE 2ND |
Bompton Baby Lakers batting - Pitching for Gibtown Elephants : LHP Hedi Charlet
|
Batting: RHB Joe Smith
|
0-0: Called Strike 0-1: Ball 1-1: Fly out, F9 (Flyball, 9LDF)
|
Batting: RHB Francisco Ortíz
|
0-0: Ball 1-0: Ground out 1-3 (Groundball, 13)
|
Batting: RHB Felipe Gonzáles
|
0-0: Swinging Strike 0-1: Ball 1-1: Foul Ball, location: 2F 1-2: Strikes out swinging
|
Top of the 2nd over - 0 runs, 0 hits, 0 errors, 0 left on base; Bompton 1 - Gibtown 0 |
BOTTOM OF THE 2ND |
Gibtown Elephants batting - Pitching for Bompton Baby Lakers : LHP Tae-ho Ch'oe
|
Batting: RHB Víctor Alfonso
|
0-0: Ball 1-0: Ground out 6-3 (Groundball, 6)
|
Batting: RHB Ramón Pinamango
|
0-0: Ball 1-0: Foul Ball, location: 2F 1-1: Fly out, F8 (Flyball, 8RM)
|
Batting: RHB Emerson O'Drunen
|
0-0: Called Strike 0-1: Ball 1-1: Swinging Strike 1-2: Strikes out swinging
|
Bottom of the 2nd over - 0 runs, 0 hits, 0 errors, 0 left on base; Bompton 1 - Gibtown 0 |
TOP OF THE 3RD |
Bompton Baby Lakers batting - Pitching for Gibtown Elephants : LHP Hedi Charlet
|
Batting: RHB George Towns
|
0-0: Foul Ball, location: 2F 0-1: Foul Ball, location: 2F 0-2: Ground out 5-3 (Groundball, 56)
|
Batting: RHB Mike O'Neill
|
0-0: Ball 1-0: Ball 2-0: Ball 3-0: Called Strike 3-1: Base on Balls
|
Batting: RHB Carlos Hernández
|
0-0: Called Strike 0-1: Ball 1-1: Ball 2-1: Ball 3-1: TRIPLE (Line Drive, 8RXD) Mike O'Neill scores
|
Batting: RHB Bailey Gribbins
|
0-0: Ball 1-0: Called Strike 1-1: 2-RUN HOME RUN (Flyball, 7LD), Distance : 373 ft
|
Batting: RHB William Luna
|
0-0: Called Strike 0-1: Swinging Strike 0-2: SOLO HOME RUN (Flyball, 7D), Distance : 411 ft
|
Pitching: LHP Oliver Diéguez
|
|
Batting: SHB Dong-hua Jianbua
|
0-0: Ball 1-0: SINGLE (Line Drive, 34D)
|
Batting: RHB Joe Smith
|
0-0: Called Strike 0-1: Called Strike 0-2: Fielders Choice at 2nd, 4-6 (Groundball, 34)
|
Batting: RHB Francisco Ortíz
|
0-0: Swinging Strike 0-1: Ball 1-1: Ball 2-1: Ball Joe Smith steals 2nd base 3-1: Called Strike 3-2: Strikes out swinging
|
Top of the 3rd over - 4 runs, 4 hits, 0 errors, 1 left on base; Bompton 5 - Gibtown 0 |
BOTTOM OF THE 3RD |
Gibtown Elephants batting - Pitching for Bompton Baby Lakers : LHP Tae-ho Ch'oe
|
Batting: RHB Cédric Causse
|
0-0: Ball 1-0: Ball 2-0: Foul Ball, location: 2F 2-1: SINGLE (Groundball, 56D)
|
Batting: LHB Frank Morris
|
0-0: Ball 1-0: Ball 2-0: Foul Ball, location: 2F 2-1: Foul Ball, location: 2F 2-2: Grounds into double play, 5-4-3 (Groundball, 56)
|
Batting: RHB Francis Raffone
|
0-0: Called Strike 0-1: Ball 1-1: Ball 2-1: Ball 3-1: Swinging Strike 3-2: Foul Ball, location: 2F 3-2: Strikes out swinging
|
Bottom of the 3rd over - 0 runs, 1 hit, 0 errors, 0 left on base; Bompton 5 - Gibtown 0 |
TOP OF THE 4TH |
Bompton Baby Lakers batting - Pitching for Gibtown Elephants : LHP Oliver Diéguez
|
Batting: RHB Felipe Gonzáles
|
0-0: Foul Ball, location: 2F 0-1: Ball 1-1: Called Strike 1-2: Ball 2-2: Foul Ball, location: 2F 2-2: Ground out 5-3 (Groundball, 56S)
|
Batting: RHB George Towns
|
0-0: Called Strike 0-1: Fly out, F4 (Popup, 4D)
|
Batting: RHB Mike O'Neill
|
0-0: Called Strike 0-1: Foul Ball, location: 2F 0-2: Ball 1-2: SINGLE (Groundball, 56D)
|
Batting: RHB Carlos Hernández
|
0-0: Foul Ball, location: 2F 0-1: Ball 1-1: Ball 2-1: Foul Ball, location: 2F 2-2: Fly out, F6 (Line Drive, 6)
|
Top of the 4th over - 0 runs, 1 hit, 0 errors, 1 left on base; Bompton 5 - Gibtown 0 |
BOTTOM OF THE 4TH |
Gibtown Elephants batting - Pitching for Bompton Baby Lakers : LHP Tae-ho Ch'oe
|
Batting: RHB Luis Romero
|
0-0: Ball 1-0: Ball 2-0: Ground out 4-3 (Groundball, 4)
|
Batting: RHB Don Parker
|
0-0: Ball 1-0: Foul Ball, location: 2F 1-1: Ball 2-1: Swinging Strike 2-2: Ball 3-2: Base on Balls
|
Batting: RHB Carsello Scruggins
|
0-0: Ball 1-0: SINGLE (Groundball, 4M) (infield hit) Don Parker to second
|
Batting: RHB Víctor Alfonso
|
0-0: Called Strike 0-1: Ball 1-1: SINGLE (Groundball, 34D) Don Parker to third Carsello Scruggins to second Runner from 3rd tries for Home, throw and OUT!
|
Batting: RHB Ramón Pinamango
|
0-0: Foul Ball, location: 2F 0-1: Hit by Pitch Carsello Scruggins to third Víctor Alfonso to second
|
Batting: RHB Emerson O'Drunen
|
0-0: Ground out U3 (Groundball, 34S)
|
Bottom of the 4th over - 0 runs, 2 hits, 0 errors, 3 left on base; Bompton 5 - Gibtown 0 |
TOP OF THE 5TH |
Bompton Baby Lakers batting - Pitching for Gibtown Elephants : LHP Oliver Diéguez
|
Batting: RHB Bailey Gribbins
|
0-0: SINGLE (Groundball, 6MD)
|
Batting: RHB William Luna
|
0-0: Fly out, F9 (Flyball, 9S)
|
Batting: SHB Dong-hua Jianbua
|
0-0: Foul Ball, location: 2F 0-1: Foul Ball, location: 2F 0-2: SINGLE (Line Drive, 6) Bailey Gribbins to second
|
Batting: RHB Joe Smith
|
0-0: Ball 1-0: DOUBLE (Groundball, 5L) Bailey Gribbins scores Dong-hua Jianbua to third
|
Batting: RHB Francisco Ortíz
|
0-0: Swinging Strike 0-1: Ball 1-1: Ball 2-1: Foul Ball, location: 2F 2-2: Ball 3-2: Foul Ball, location: 2F 3-2: Base on Balls
|
Batting: RHB Felipe Gonzáles
|
0-0: Ball 1-0: Called Strike 1-1: Called Strike 1-2: Fielders Choice at 2nd, 6-4 (Groundball, 6M) Dong-hua Jianbua scores Joe Smith to third
|
Batting: RHB George Towns
|
0-0: Called Strike 0-1: DOUBLE (Flyball, 9LM) Joe Smith scores Felipe Gonzáles to third Runner from 3rd tries for Home, SAFE, throw made at trailing runner, SAFE at third!
|
Batting: RHB Mike O'Neill
|
0-0: TRIPLE (Flyball, 78XD) George Towns scores
|
Batting: RHB Carlos Hernández
|
0-0: Ball 1-0: Called Strike 1-1: Ball 2-1: Swinging Strike 2-2: Fly out, F8 (Flyball, 8LD)
|
Top of the 5th over - 5 runs, 5 hits, 0 errors, 1 left on base; Bompton 10 - Gibtown 0 |
BOTTOM OF THE 5TH |
Gibtown Elephants batting - Pitching for Bompton Baby Lakers : LHP Tae-ho Ch'oe
|
Batting: RHB Cédric Causse
|
0-0: Called Strike 0-1: Foul Ball, location: 2F 0-2: Ball 1-2: Foul Ball, location: 2F 1-2: Reached on error, E1 (Groundball, 15S)
|
Batting: LHB Frank Morris
|
0-0: SINGLE (Groundball, 4D) Cédric Causse to second Runner from 2nd tries for 3rd, SAFE, no throw
|
Batting: RHB Francis Raffone
|
0-0: Ball 1-0: Ball 2-0: Ball 3-0: Base on Balls Frank Morris to second
|
Batting: RHB Luis Romero
|
0-0: Called Strike 0-1: Ball 1-1: Ball 2-1: SINGLE (Line Drive, 9LS) Cédric Causse scores Frank Morris to third Francis Raffone to second
|
Batting: RHB Don Parker
|
0-0: Ball 1-0: Called Strike 1-1: Foul Ball, location: 2F 1-2: Ball 2-2: Fielders Choice at 2nd, 3-6 (Groundball, 3) Frank Morris scores Francis Raffone to third
|
Batting: RHB Carsello Scruggins
|
0-0: Called Strike 0-1: Called Strike 0-2: Ball Don Parker is caught stealing 2nd base 1-2: SINGLE (Line Drive, 6D) Francis Raffone scores
|
Batting: RHB Víctor Alfonso
|
0-0: Ball 1-0: Foul Ball, location: 2F 1-1: Ball 2-1: Called Strike 2-2: 2-RUN HOME RUN (Flyball, 7D), Distance : 413 ft
|
Batting: RHB Ramón Pinamango
|
0-0: Ball 1-0: Called Strike 1-1: Ground out 5-3 (Groundball, 56)
|
Bottom of the 5th over - 5 runs, 4 hits, 1 error, 0 left on base; Bompton 10 - Gibtown 5 |
TOP OF THE 6TH |
Bompton Baby Lakers batting - Pitching for Gibtown Elephants : LHP Oliver Diéguez
|
Pitching: LHP Dwayne Cockeram
|
|
Batting: RHB Bailey Gribbins
|
0-0: Ball 1-0: Ball 2-0: Ground out 5-3 (Groundball, 56)
|
Batting: RHB William Luna
|
0-0: Ball 1-0: Fly out, F9 (Flyball, 89M)
|
Batting: SHB Dong-hua Jianbua
|
0-0: Ball 1-0: Foul Ball, location: 2F 1-1: Foul Ball, location: 2F 1-2: Fly out, F8 (Flyball, 8LS)
|
Top of the 6th over - 0 runs, 0 hits, 0 errors, 0 left on base; Bompton 10 - Gibtown 5 |
BOTTOM OF THE 6TH |
Gibtown Elephants batting - Pitching for Bompton Baby Lakers : LHP Tae-ho Ch'oe
|
Batting: RHB Emerson O'Drunen
|
0-0: Swinging Strike 0-1: Ball 1-1: SINGLE (Flyball, 8RS)
|
Batting: RHB Cédric Causse
|
0-0: Ground out 5-3 (Groundball, 56S) Emerson O'Drunen to second
|
Batting: LHB Frank Morris
|
0-0: Ball 1-0: Swinging Strike 1-1: Foul Ball, location: 2F 1-2: Ball 2-2: Strikes out swinging
|
Batting: RHB Francis Raffone
|
0-0: Ball 1-0: Foul Ball, location: 2F 1-1: Ball 2-1: Ball 3-1: SINGLE (Groundball, 4MD) Emerson O'Drunen to third Runner from 3rd tries for Home, SAFE, throw made home
|
Batting: RHB Luis Romero
|
0-0: Hit by Pitch Francis Raffone to second
|
Batting: RHB Don Parker
|
0-0: Ball 1-0: Called Strike 1-1: Ball 2-1: Called Strike 2-2: Ground out 4-3 (Groundball, 4M)
|
Bottom of the 6th over - 1 run, 2 hits, 0 errors, 2 left on base; Bompton 10 - Gibtown 6 |
TOP OF THE 7TH |
Bompton Baby Lakers batting - Pitching for Gibtown Elephants : LHP Dwayne Cockeram
|
Batting: RHB Joe Smith
|
0-0: Called Strike 0-1: SINGLE (Groundball, 34D)
|
Batting: RHB Francisco Ortíz
|
0-0: Bunt - Flyout! F2
|
Batting: RHB Felipe Gonzáles
|
0-0: Swinging Strike 0-1: Ball 1-1: Called Strike Joe Smith is caught stealing 2nd base 1-2: Ball 2-2: Ball 3-2: Foul Ball, location: 2F 3-2: Fly out, F8 (Flyball, 8LXD)
|
Top of the 7th over - 0 runs, 1 hit, 0 errors, 0 left on base; Bompton 10 - Gibtown 6 |
BOTTOM OF THE 7TH |
Gibtown Elephants batting - Pitching for Bompton Baby Lakers : LHP Tae-ho Ch'oe
|
Batting: RHB Carsello Scruggins
|
0-0: Swinging Strike 0-1: Foul Ball, location: 2F 0-2: Strikes out swinging
|
Batting: RHB Víctor Alfonso
|
0-0: SINGLE (Line Drive, 56D)
|
Pitching: RHP Alois Erstweiler
|
|
Batting: RHB Ramón Pinamango
|
0-0: Ball 1-0: Swinging Strike 1-1: Ball 2-1: Foul Ball, location: 2F 2-2: Foul Ball, location: 2F 2-2: Ball 3-2: Fielders Choice at 2nd, 6-4 (Groundball, 6)
|
Batting: RHB Emerson O'Drunen
|
0-0: Called Strike 0-1: Swinging Strike 0-2: Ball Throwing error on steal attempt, E2 Ramón Pinamango to third 1-2: Strikes out swinging
|
Bottom of the 7th over - 0 runs, 1 hit, 1 error, 1 left on base; Bompton 10 - Gibtown 6 |
TOP OF THE 8TH |
Bompton Baby Lakers batting - Pitching for Gibtown Elephants : LHP Dwayne Cockeram
|
Batting: RHB George Towns
|
0-0: Ball 1-0: Called Strike 1-1: Foul Ball, location: 2F 1-2: Ball 2-2: Ball 3-2: Foul Ball, location: 2F 3-2: Foul Ball, location: 2F 3-2: Base on Balls
|
Batting: RHB Mike O'Neill
|
0-0: Bunted foul 0-1: Sac Bunt - play at first, batter OUT! 1-4 George Towns to second
|
Batting: RHB Carlos Hernández
|
0-0: Swinging Strike 0-1: Fly out, F4 (Line Drive, 4)
|
Batting: RHB Bailey Gribbins
|
0-0: Called Strike 0-1: Ball 1-1: Called Strike 1-2: Foul Ball, location: 2F 1-2: Ball 2-2: Fly out, F6 (Popup, 6MD)
|
Top of the 8th over - 0 runs, 0 hits, 0 errors, 1 left on base; Bompton 10 - Gibtown 6 |
BOTTOM OF THE 8TH |
Gibtown Elephants batting - Pitching for Bompton Baby Lakers : RHP Alois Erstweiler
|
Batting: RHB Cédric Causse
|
0-0: Foul Ball, location: 2F 0-1: Ball 1-1: Foul Ball, location: 2F 1-2: Ball 2-2: Ball 3-2: DOUBLE (Line Drive, 7LM)
|
Batting: LHB Frank Morris
|
0-0: Called Strike 0-1: Ball 1-1: Fly out, F8 (Line Drive, 8LD)
|
Batting: RHB Francis Raffone
|
0-0: Called Strike 0-1: Ball 1-1: Foul Ball, location: 2F 1-2: Ball 2-2: Ball 3-2: SINGLE (Groundball, 4MD) Cédric Causse to third Runner from 3rd tries for Home, SAFE, no throw
|
Batting: RHB Luis Romero
|
0-0: Ball 1-0: Foul Ball, location: 2F 1-1: Called Strike 1-2: Strikes out looking
|
Batting: RHB Don Parker
|
0-0: Swinging Strike 0-1: Called Strike 0-2: Strikes out swinging
|
Bottom of the 8th over - 1 run, 2 hits, 0 errors, 1 left on base; Bompton 10 - Gibtown 7 |
TOP OF THE 9TH |
Bompton Baby Lakers batting - Pitching for Gibtown Elephants : LHP Dwayne Cockeram
|
Pitching: RHP Jonathan Lentz
|
|
Batting: RHB William Luna
|
0-0: Ball 1-0: Ball 2-0: Swinging Strike 2-1: Ball 3-1: Foul Ball, location: 2F 3-2: Foul Ball, location: 2F 3-2: Fly out, F8 (Flyball, 8RM)
|
Batting: SHB Dong-hua Jianbua
|
0-0: Ball 1-0: Called Strike 1-1: Ball 2-1: Ground out 6-3 (Groundball, 6)
|
Batting: RHB Joe Smith
|
0-0: Ball 1-0: Swinging Strike 1-1: Ball 2-1: Foul Ball, location: 2F 2-2: Foul Ball, location: 2F 2-2: Ball 3-2: Base on Balls
|
Batting: RHB Francisco Ortíz
|
0-0: Ball 1-0: Called Strike 1-1: Fly out, F8 (Flyball, 8LD)
|
Top of the 9th over - 0 runs, 0 hits, 0 errors, 1 left on base; Bompton 10 - Gibtown 7 |
BOTTOM OF THE 9TH |
Gibtown Elephants batting - Pitching for Bompton Baby Lakers : RHP Alois Erstweiler
|
Pitching: RHP Jesús Alonso
|
|
Now at C: Roberto Sánchez
|
|
Now at 3B: Alejandro Acosata
|
|
Batting: RHB Carsello Scruggins
|
0-0: Called Strike 0-1: Foul Ball, location: 2F 0-2: SINGLE (Groundball, 56D)
|
Batting: RHB Víctor Alfonso
|
0-0: Foul Ball, location: 2F 0-1: Foul Ball, location: 2F 0-2: Foul Ball, location: 2F 0-2: Ball 1-2: Fly out, F7 (Flyball, 7D)
|
Batting: RHB Ramón Pinamango
|
0-0: Ball 1-0: Ball 2-0: Ball 3-0: Called Strike 3-1: Fielders Choice at 2nd, 5-4 (Groundball, 5)
|
Batting: RHB Emerson O'Drunen
|
0-0: Called Strike 0-1: Ball 1-1: Fielders Choice at 2nd, 5-4 (Groundball, 56)
|
Bottom of the 9th over - 0 runs, 1 hit, 0 errors, 1 left on base; Bompton 10 - Gibtown 7 |
|